Map: [ESL] Oceanborn

Players

Epic

  • Race: Terran Terran
  • Spawn Location: 5:00

Nina - Winner!

  • Race: Protoss Protoss
  • Spawn Location: 11:00

Event: ESL SC2 Masters 2024 Spring (Regional)

VOD

Have the link to the VOD?

Description

Time

  • Played on: April 20, 2024, 1:19 p.m.
  • Length: 16:01

All games in this series

Show
View Real Time Build Order
Export as new Build Order

Epic Terran 

Build Orders: Reaper Expand 

Get SALT Encoding   

  12  0:00  SCV  
  13  0:12  SCV  
  14  0:16  Supply Depot  
  14  0:24  SCV  
  15  0:38  SCV  
  15  0:39  Barracks  
  15  0:42  Refinery  
  16  0:50  SCV  
  17  1:02  SCV  
  18  1:14  SCV  
  19  1:27  Orbital Command, Reaper  
  20  1:42  Command Center  
  20  1:48  Supply Depot  
  20  1:53  SCV  
  21  1:59  Marine  
  22  2:05  SCV  
  22  2:07  Factory  
  23  2:16  Bunker  
  23  2:17  SCV  
  23  2:18  Refinery  
  23  2:21  Barracks Reactor  
  24  2:29  SCV  
  25  2:41  SCV  
  26  2:52  Starport, Hellion  
  26  2:54  SCV, Orbital Command  
  26  2:57  Marine x2  
  31  3:06  SCV  
  32  3:14  Widow Mine  
  32  3:16  Marine x2  
  32  3:19  SCV x2  
  38  3:21  Supply Depot  
  38  3:28  Medivac  
  38  3:31  SCV x2  
  42  3:34  Marine x2  
  42  3:35  Factory Tech Lab  
  44  3:43  SCV x2  
  43  3:52  Supply Depot, Marine x2  
  43  3:54  Siege Tank  
  48  3:56  SCV x2  
  50  4:07  Liberator  
  50  4:08  SCV  
  54  4:13  Marine x2  
  54  4:14  SCV, Supply Depot  
  57  4:17  Barracks  
  57  4:21  SCV  
  57  4:22  Refinery  
  58  4:26  SCV  
  58  4:28  Siege Tank  
  58  4:30  Supply Depot  
  62  4:35  SCV, Marine x2  
  62  4:37  Supply Depot  
  62  4:38  SCV  
  66  4:45  Barracks  
  66  4:49  SCV  
  66  4:50  SCV  
  68  4:52  Starport Tech Lab  
  68  4:54  Engineering Bay, Marine x2  
  70  5:00  Supply Depot  
  70  5:04  SCV x2, Siege Tank  
  70  5:06  Barracks Tech Lab  
  75  5:16  SCV x2  
  75  5:17  Refinery  
  75  5:18  Marine x2  
  79  5:21  Terran Infantry Weapons Level 1  
  79  5:26  Stimpack  
  79  5:27  Marauder  
  77  5:30  Supply Depot  
  71  5:37  Starport Reactor  
  71  5:43  SCV x2, Marine x2  
  71  5:48  Siege Tank, Marauder  
  80  5:51  Marauder  
  82  6:01  Marine  
  82  6:02  Marine  
  81  6:05  Combat Shield  
  81  6:06  Supply Depot  
  81  6:10  Marauder  
  83  6:12  Marauder  
  81  6:20  Medivac  
  81  6:23  Medivac  
  82  6:26  Command Center, Marine  
  82  6:27  Marine  
  82  6:31  Marauder  
  83  6:34  Factory Reactor, Marauder  
  85  6:44  Marine x2  
  84  6:50  Medivac  
  84  6:51  Barracks x2  
  84  6:52  Marauder  
  84  6:53  Medivac  
  90  6:57  Marauder  
  90  7:00  SCV x2  
  94  7:02  Marine x2  
  94  7:08  Supply Depot  
  96  7:12  Widow Mine x2  
  96  7:14  Marauder  
  102  7:17  Concussive Shells  
  102  7:19  SCV, Marauder  
  102  7:20  Marine x2  
  102  7:21  SCV  
  102  7:22  Supply Depot  
  108  7:28  Medivac  
  110  7:31  SCV  
  110  7:33  SCV, Terran Infantry Armor Level 1  
  110  7:35  Marauder  
  114  7:39  Widow Mine, Marauder  
  114  7:41  Widow Mine  
  114  7:44  SCV  
  121  7:45  SCV  
  121  7:46  Barracks Reactor, Supply Depot  
  121  7:51  Viking  
  124  7:54  Orbital Command  
  124  7:56  SCV  
  125  7:58  Viking  
  125  8:00  SCV  
  125  8:03  Supply Depot  
  128  8:12  Marauder x3  
  126  8:17  Starport  
  126  8:18  SCV x2  
  128  8:20  SCV  
  128  8:21  Marine x2  
  128  8:25  Supply Depot  
  131  8:28  Armory  
  131  8:32  SCV x3  
  134  8:36  Refinery x2  
  134  8:39  Supply Depot  
  134  8:41  Viking  
  134  8:42  Viking  
  134  8:45  SCV x3  
  141  8:51  Bunker  
  137  8:56  Marauder x3  
  137  8:57  Marine  
  137  8:58  Marine x2  
  137  8:59  Marine  
  139  9:15  Marine x2  
  136  9:18  Marauder  
  136  9:20  SCV x3  
  139  9:34  SCV  
  139  9:35  SCV x2  
  142  9:45  Marauder x3  
  148  9:46  Starport Reactor  
  148  9:47  SCV x3, Ghost Academy  
  148  9:49  Marine x3  
  148  9:58  Medivac x2  
  152  10:03  SCV x3  
  152  10:05  Refinery  
  152  10:06  Marauder  
  157  10:09  Factory  
  157  10:12  Supply Depot  
  157  10:13  Marine, Marauder x2  
  162  10:16  Marine x2  
  162  10:19  Marine  
  165  10:26  Medivac x2  
  165  10:27  Marine  
  170  10:33  Ghost  
  170  10:34  Ghost  
  170  10:35  Marine x2  
  174  10:38  Supply Depot  
  174  10:41  Viking  
  178  10:45  Ghost  
  179  10:50  Viking  
  159  10:58  Marine  
  159  10:59  Marine x3  
  159  11:02  Ghost  
  159  11:03  Armory  
  165  11:06  Engineering Bay  
  165  11:07  Viking  
  165  11:08  Viking  
  169  11:11  Ghost  
  169  11:16  Marine x3  
  174  11:21  Viking  
  174  11:24  Viking  
  178  11:39  Command Center  
  178  11:51  Terran Infantry Weapons Level 2, Terran Infantry Armor Level 2  
  178  11:57  Viking  
  178  11:58  Viking x2  
  182  12:03  Marauder x3  
  188  12:08  Supply Depot  
  180  12:24  Marauder, Marine x3  
  180  12:25  Marauder x2  
  180  12:29  Supply Depot  
  134  12:45  Ghost x2  
  134  12:46  Marauder  
  134  12:50  Marine x3  
  136  12:52  Viking x3  
  136  12:56  Viking  
  142  13:03  SCV  
  142  13:04  SCV x2  
  145  13:06  Ghost  
  145  13:08  Marine x3  
  145  13:09  Missile Turret, Marine  
  151  13:14  Ghost  
  151  13:18  Ghost  
  155  13:22  Planetary Fortress  
  155  13:29  Marine x4  
  155  13:31  Viking  
  161  13:42  Viking x3  
  165  13:59  Barracks x2  
  165  14:00  Barracks  
  162  14:03  Ghost x3  
  162  14:07  Marine x4  
  131  14:28  Marine x4  
  120  14:32  Marauder  
  120  14:33  Marauder x2  
  126  14:42  Fusion Core  
  126  14:49  Marine x4  
  126  14:52  Marine x2  
  130  14:54  Marauder x3  
  130  14:55  Marine  
  135  15:07  Marine x3  
  121  15:09  Marine  
  96  15:15  Marauder x3  
  96  15:17  SCV  
  96  15:19  Marine x2  
  92  15:32  SCV  
  92  15:33  SCV x2  
  92  15:34  SCV  
  86  15:37  Marauder  
Show
View Real Time Build Order
Export as new Build Order

Nina Protoss - Winner!

Build Orders: 1 Gate Expand, Phoenix Opening, Colossus Rush 

Get SALT Encoding   

  12  0:00  Probe  
  13  0:12  Probe  
  14  0:18  Pylon  
  14  0:24  Probe (Chrono Boost)  
  15  0:37  Probe (Chrono Boost), Gateway  
  16  0:46  Probe (Chrono Boost)  
  16  0:48  Assimilator  
  17  0:51  Probe  
  18  1:03  Probe  
  19  1:15  Probe  
  20  1:27  Probe  
  20  1:28  Cybernetics Core  
  21  1:35  Nexus  
  21  1:44  Pylon, Probe  
  22  1:50  Assimilator  
  22  1:56  Probe  
  23  2:02  Stalker (Chrono Boost)  
  25  2:08  Probe  
  25  2:14  Warp Gate  
  26  2:20  Probe (Chrono Boost)  
  27  2:28  Sentry  
  29  2:32  Probe (Chrono Boost)  
  30  2:37  Probe (Chrono Boost)  
  31  2:45  Shield Battery  
  31  2:47  Probe  
  31  2:49  Probe  
  33  2:54  Robotics Facility  
  33  2:59  Stalker  
  33  3:01  Probe (Chrono Boost)  
  33  3:04  Phoenix, Probe (Chrono Boost)  
  37  3:07  Gateway  
  37  3:10  Probe (Chrono Boost)  
  39  3:13  Probe (Chrono Boost)  
  39  3:15  Probe (Chrono Boost)  
  40  3:22  Assimilator  
  40  3:24  Pylon  
  41  3:27  Probe x2 (Chrono Boost)  
  42  3:36  Probe (Chrono Boost)  
  42  3:38  Probe (Chrono Boost)  
  44  3:41  Probe (Chrono Boost)  
  44  3:46  Observer  
  44  3:47  Probe  
  45  3:53  Robotics Bay, Probe  
  47  4:00  Probe  
  47  4:01  Nexus  
  48  4:04  Pylon, Observer  
  48  4:05  Probe  
  48  4:09  Stalker  
  52  4:12  Probe  
  53  4:18  Twilight Council, Probe  
  53  4:22  Assimilator  
  53  4:23  Stalker  
  56  4:24  Probe  
  56  4:30  Probe  
  58  4:32  Observer  
  58  4:35  Shield Battery  
  59  4:41  Pylon  
  59  4:42  Disruptor (Chrono Boost)  
  62  4:51  Gateway  
  62  4:55  Observer, Gateway  
  62  4:59  Probe x2 (Chrono Boost)  
  64  5:00  Charge  
  64  5:06  Forge  
  64  5:11  Probe x2 (Chrono Boost)  
  64  5:13  Colossus (Chrono Boost)  
  72  5:18  Zealot  
  72  5:20  Probe x2 (Chrono Boost)  
  76  5:25  Probe x2  
  78  5:31  Zealot  
  80  5:37  Probe x2  
  80  5:39  Stalker  
  81  5:47  Stalker  
  81  5:49  Probe x2  
  85  5:51  Pylon  
  85  5:58  Zealot x2  
  85  6:02  Probe  
  84  6:08  Probe  
  85  6:14  Probe  
  85  6:18  Colossus  
  86  6:20  Probe  
  93  6:35  Protoss Ground Weapons Level 1  
  93  6:36  Pylon  
  93  6:38  Observer  
  93  6:40  Probe x2 (Chrono Boost)  
  93  6:41  Observer, Extended Thermal Lance (Chrono Boost)  
  93  6:42  Sentry  
  93  6:45  Blink  
  93  6:47  Assimilator  
  93  6:48  Assimilator  
  93  6:52  Pylon  
  96  6:54  Forge  
  96  6:56  Probe x2 (Chrono Boost)  
  96  6:58  Probe (Chrono Boost)  
  96  7:00  Gateway x2  
  96  7:01  Probe x2 (Chrono Boost)  
  96  7:06  Probe  
  99  7:09  Gateway  
  99  7:10  Pylon, Probe  
  99  7:11  Warp Prism (Chrono Boost), Probe  
  99  7:15  Zealot x2  
  106  7:18  Probe  
  106  7:20  Zealot  
  109  7:25  Gateway  
  109  7:29  Zealot  
  111  7:31  Pylon  
  111  7:38  Zealot x2  
  111  7:41  Probe x2  
  115  7:52  Pylon  
  115  7:53  Pylon  
  115  7:54  Pylon  
  115  7:55  Zealot x4, Pylon  
  123  8:02  Nexus  
  123  8:03  Pylon  
  117  8:16  Zealot x2, Colossus (Chrono Boost)  
  117  8:17  Zealot x3  
  117  8:18  Zealot  
  135  8:23  Templar Archives, Probe  
  136  8:29  Zealot  
  136  8:30  Zealot, Pylon  
  139  8:38  Pylon  
  139  8:50  Nexus  
  139  8:52  Zealot x3  
  139  8:53  Zealot x5  
  155  8:58  Pylon  
  155  9:00  Protoss Ground Weapons Level 2 (Chrono Boost)  
  155  9:03  Disruptor  
  155  9:15  Protoss Ground Armor Level 1 (Chrono Boost)  
  149  9:17  High Templar x5  
  149  9:18  High Templar  
  149  9:19  High Templar x2  
  149  9:21  Archon  
  149  9:22  Archon x2  
  149  9:23  Archon  
  157  9:32  Probe  
  157  9:35  Probe  
  157  9:36  Disruptor (Chrono Boost)  
  157  9:38  Probe  
  157  9:39  Gateway  
  157  9:41  Robotics Facility, Gateway  
  157  9:43  Shield Battery  
  157  9:44  Probe  
  163  9:46  Pylon  
  163  9:48  Probe  
  160  9:54  High Templar x2  
  160  9:55  High Templar x2  
  160  9:56  Zealot x2  
  160  9:58  Pylon, Probe  
  160  9:59  Archon x2  
  173  10:02  Probe (Chrono Boost)  
  173  10:03  Photon Cannon  
  173  10:06  Zealot x2, Pylon  
  178  10:10  Disruptor  
  178  10:12  Probe x2 (Chrono Boost)  
  178  10:14  Probe (Chrono Boost)  
  186  10:15  Assimilator  
  186  10:16  Assimilator  
  186  10:17  Pylon, Probe (Chrono Boost)  
  186  10:19  Stalker x2  
  190  10:22  Photon Cannon  
  190  10:38  Stalker x4  
  198  10:45  Nexus  
  196  10:58  Nexus  
  196  11:05  Protoss Ground Weapons Level 3 (Chrono Boost)  
  196  11:11  Pylon  
  196  11:14  Protoss Ground Armor Level 2 (Chrono Boost), Dark Shrine  
  196  11:15  Photon Cannon  
  196  11:17  Pylon, Observer x2, Shield Battery  
  196  11:19  Pylon, Probe  
  196  11:21  Psionic Storm  
  196  11:24  Photon Cannon  
  199  11:26  Pylon, Probe  
  200  11:37  Photon Cannon  
  200  11:39  Photon Cannon  
  200  11:41  Shield Battery  
  200  11:42  Photon Cannon  
  189  12:02  Zealot x4  
  189  12:05  Zealot  
  194  12:21  Zealot x5  
  196  12:27  Stalker x3  
  170  12:41  Disruptor  
  170  12:43  Stalker x7  
  170  12:44  Colossus  
  162  12:53  Zealot x3  
  162  12:54  Probe  
  162  12:55  Probe x2  
  162  12:58  Probe  
  172  13:04  Probe  
  173  13:08  Pylon  
  173  13:10  High Templar  
  173  13:11  High Templar x3  
  185  13:17  Colossus  
  185  13:19  Archon x2  
  187  13:20  High Templar  
  187  13:21  High Templar  
  187  13:22  High Templar x2  
  187  13:24  Shield Battery  
  187  13:26  Photon Cannon  
  195  13:38  Nexus  
  195  13:43  Protoss Shields Level 1 (Chrono Boost)  
  191  13:56  Photon Cannon  
  191  13:59  Photon Cannon  
  191  14:02  Photon Cannon  
  190  14:05  Assimilator  
  186  14:10  Assimilator  
  186  14:11  Zealot x5  
  186  14:12  Zealot x2  
  186  14:13  Pylon  
  190  14:23  Colossus  
  180  14:37  Zealot x5  
  180  14:38  Zealot x5  
  144  15:16  Stalker  
  144  15:17  Stalker x9  
  140  15:40  Archon  
  140  15:42  Zealot x10  
Tags
 
Add a new tag
Caveats
  • Supply blocks, unpowered buildings, or Contaminate may cause inaccurate times.
  • Supply counts are checked every 10 seconds.